AoeStats
← 妓术总奸

MegaRandom

507725633Analyzed
3v3 RM · 13d ago on Sep 19, 2026· 42m 52s· 6 players
Game mode
Random Map
Map size
Normal (6 player)
Population
200
Speed
Normal
Resources
Standard
Victory
Conquest
Starting age
Dark Age
Ending age
Imperial Age
RankedLock teamsTeams togetherTeam positionsShared explorationLock speedFull tech treeHidden civsTurbo modeCheats
Victory
Defeat
🇨🇳 Chinese · China
1005
+9
🇨🇳 Mongols · China
983
+27
🇨🇳 Spanish · China
918
+13
🇳🇱 Goths · Netherlands
857
-11
🇮🇱 Inca · Israel
852
-11
🇦🇷 Italians · Argentina
839
-10
JiB'S
4:47 Loom
10:48 Feudal Age
12:56 Wheelbarrow
17:06 Double-Bit Axe
17:05 Horse Collar
21:37 Castle Age
20:44 Forging
22:53 Pikeman
23:35 Squires
24:15 Caravan
30:09 Hand Cart
34:35 Iron Casting
34:29 Anarchy
Sam-Ba-Kaka
10:48 Feudal Age
12:42 Wheelbarrow
11:50 Horse Collar
11:58 Double-Bit Axe
13:55 Gold Mining
14:07 Champi Runner
15:41 Arson
16:31 Loom
24:20 Castle Age
24:26 Forging
24:16 Scale Mail Armor
26:01 Hand Cart
28:58 Pikeman
31:49 Bow Saw
Rodri
13:15 Feudal Age
15:51 Wheelbarrow
15:37 Double-Bit Axe
20:53 Horse Collar
22:13 Gold Mining
25:14 Castle Age
24:34 Stone Mining
26:24 Bow Saw
29:52 Padded Archer Armor
29:42 Fletching
31:09 Ballistics
32:01 Town Watch
32:50 Heated Shot
33:39 Caravan
34:38 Murder Holes
36:42 Leather Archer Armor
37:51 Bodkin Arrow
37:51 Elite Skirmisher
43:35 Imperial Age
asdgs776
3:14 Loom
11:53 Feudal Age
17:09 Castle Age
15:27 Double-Bit Axe
16:31 Gold Mining
17:27 Stone Mining
18:35 Town Watch
21:15 Masonry
23:01 Horse Collar
24:48 Wheelbarrow
32:11 Bow Saw
36:49 Imperial Age
35:26 Hand Cart
36:48 Heavy Plow
37:58 Conscription
38:09 Drill
38:25 Elite Mangudai
42:35 Siege Engineers
妓术总奸
11:09 Feudal Age
13:11 Double-Bit Axe
15:45 Wheelbarrow
16:08 Horse Collar
19:38 Castle Age
20:57 Hand Cart
20:35 Stone Mining
29:01 Bow Saw
29:38 Padded Archer Armor
32:23 Leather Archer Armor
37:41 Imperial Age
36:24 Heavy Plow
36:52 Ballistics
36:43 Masonry
36:29 Murder Holes
38:56 Elite Conquistador
40:04 Conscription
子厚
0:28 Loom
11:21 Feudal Age
14:30 Bloodlines
14:44 Double-Bit Axe
14:41 Horse Collar
16:53 Scale Barding Armor
16:59 Forging
21:06 Castle Age
22:01 Heavy Plow
22:07 Light Cavalry
23:21 Husbandry
24:44 Iron Casting
32:19 Bow Saw
32:57 Chain Barding Armor
33:06 Fletching
33:17 Padded Archer Armor
33:37 Town Watch
34:28 Wheelbarrow
39:13 Imperial Age
36:51 Bodkin Arrow
37:12 Leather Archer Armor
37:23 Town Patrol
39:55 Ballistics
40:37 Ring Archer Armor
40:09 Bracer
40:17 Thumb Ring
39:36 Heavy Cavalry Archer
41:46 Hand Cart
42:46 Chemistry
43:18 Siphons
Connection lost

Rejoining the realm…

Still unreachable

The connection could not be restored.

Session expired

The server has moved on; the page needs a fresh start.